 Dungeon Crawl Stone Soup version 0.29.0-4-gdea44cf6ec (webtiles) character file.

Game seed: 17366209256298681110

34946 qw the Severer (level 13, 0/125 HPs)
             Began as a Minotaur Berserker on Sept 4, 2022.
             Was an Elder of Trog.
             Slain by a death yak (21 damage)
             ... on level 5 of the Lair of Beasts.
             The game lasted 00:04:58 (17585 turns).

qw the Severer (Minotaur Berserker)                Turns: 17585, Time: 00:04:59

Health: 0/125      AC: 18    Str: 28    XL:     13   Next: 44%
Magic:  12/12      EV: 14    Int:  4    God:    Trog [****..]
Gold:   721        SH:  6    Dex: 11    Spells: 12/12 levels left

rFire   + . .      SeeInvis .   Y - +1 war axe
rCold   . . .      Faith    .   o - +0 buckler
rNeg    . . .      Spirit   .   g - +2 chain mail {rPois}
rPois   +          Reflect  .   (helmet restricted)
rElec   .          Harm     .   i - +1 cloak "Xiur" {Fly Str+2}
rCorr   .          Rampage  .   (no gloves)
Will    +....                   s - +0 pair of boots
Stlth   ..........              e - amulet "Zenirhut" {Acrobat rF+}
HPRegen 0.30/turn               a - ring of willpower
MPRegen 0.13/turn               q - +4 ring of evasion

@: about to teleport, on berserk cooldown, flying, slowed, very slow
A: horns 2, retaliatory headbutt
a: Renounce Religion, Berserk, Trog's Hand, Brothers in Arms


You were on level 5 of the Lair of Beasts.
You worshipped Trog.
Trog was greatly pleased with you.
You visited 2 branches of the dungeon, and saw 14 of its levels.

You collected 784 gold pieces.
You spent 63 gold pieces at shops.


Innate Abilities, Weirdness & Mutations

You have a pair of horns on your head.
You reflexively headbutt those who attack you in melee.


   Skills:
 + Level 14.7 Fighting
 - Level 16.0 Axes
 - Level 8.0 Throwing
 - Level 11.2 Armour
 - Level 6.3 Dodging
 - Level 9.0 Shields


You had 12 spell levels left.
You didn't know any spells.
Your spell library was empty.

Inventory:

Hand Weapons
 r - a +0 morningstar
 Y - a +1 war axe (weapon)
Missiles
 f - 4 boomerangs
 j - 7 javelins (quivered)
Armour
 g - a +2 chain mail of poison resistance (worn)
 i - the +1 cloak "Xiur" (worn) {Fly Str+2}
   (You acquired it on level 5 of the Dungeon)

   Str:       It affects your strength (+2).
   Fly:       It grants you flight.
 n - a +0 plate armour
 o - a +0 buckler (worn)
 p - a scarf of resistance
 s - a +0 pair of boots (worn)
Jewellery
 a - a ring of willpower (left hand)
 e - the amulet "Zenirhut" (around neck) {Acrobat rF+}
   (You found it on level 1 of the Lair of Beasts)

   [amulet of the acrobat]

   It increases your evasion while moving and waiting.
   rF:        It protects you from fire.
 q - a +4 ring of evasion (right hand)
 t - an amulet of regeneration
 u - a +6 ring of strength
Scrolls
 c - 5 scrolls of identify
 k - a scroll of teleportation
Potions
 b - 2 potions of mutation
 d - 6 potions of curing
 h - 2 potions of might
 l - a potion of resistance

Dungeon Overview and Level Annotations

Branches:
Dungeon (9/15)             Temple (0/1) D:4            Lair (5/5) D:9
  Swamp (0/4) Lair:3        Snake (0/4) Lair:3        Slime (0/5) Lair:5
    Orc: D:9-12

Altars:
Cheibriados
Dithmenos
Kikubaaqudgha
Makhleb
Nemelex Xobeh
Okawaru
Ru
Sif Muna
Uskayaw
Wu Jian
Xom
Zin
Jiyva

Shops:
D:5 [   D:8 [   D:9 :

Annotations:
D:3 2 transporters
D:4 3 runed translucent doors, qw's ghost, novice GrBe


Message History

Trog accepts your kill.
You slash the death yak! You hit the death yak. x2
You slice the death yak!!
You headbutt the death yak, but do no damage.
The death yak is severely wounded.
You hit the death yak. You slash the death yak!
The death yak barely misses you. The death yak misses you.
You slash the death yak!
The death yak is almost dead.
You slash the death yak! You hit the death yak. You slash the death yak!
You slice the death yak!! You slash the death yak!
Your headbutt misses the death yak.
The death yak is almost dead.
You hit the death yak. You barely miss the death yak. You slash the death yak!
You barely miss the death yak.
You are no longer berserk.
You are exhausted.
You feel yourself slow down. You block the death yak's attack.
The death yak gores you! x3
You slash the death yak!
You kill the death yak!
Trog accepts your kill.
You slash the death yak!
You kill the death yak!
Trog accepts your kill.
You slash the death yak! You hit the death yak. You slash the death yak!
You block the death yak's attack. The death yak closely misses you. x2
You furiously retaliate!
You headbutt the death yak. You hit the death yak.
The death yak is heavily wounded.
You slash the death yak! You hit the death yak but do no damage.
You barely miss the death yak. The death yak gores you!
The death yak closely misses you. The death yak gores you.
You block the death yak's attack.
17585 ||| READING 2 scrolls of teleportation.
As you read the scroll of teleportation, it crumbles to dust.
You feel strangely unstable. The death yak gores you.
You block the death yak's attack. The death yak gores you!!
You die...

..............(
...............
.(..............
................
................#
................#
#...YY%.#.#....
#.@Y...#..#### #
.
##.Y......#...#.
##........#....
#............####
#P.............##
##.............##
##.............#.
#.#............#^
##..........#.#.#


You could see 4 death yaks.

Vanquished Creatures
  4 hydras
  3 boulder beetles
  2 two-headed ogres
  6 death yaks (Lair:5)
  Urug (Lair:3)
  An ugly thing (D:7)
  5 black mambas
  4 cane toads
  Joseph (D:7)
  Maggie (D:7)
  3 rime drakes
  3 komodo dragons (Lair:3)
  3 trolls
  13 blink frogs
  15 dream sheep
  30 yaks
  Eustachio (D:5)
  8 basilisks
  4 wyverns
  A steam dragon (D:6)
  5 vampire mosquitoes (Lair:3)
  14 water moccasins
  An ice beast (D:8)
  3 orc warriors
  A sky beast (D:7)
  A black bear (D:5)
  21 wolves
  An ogre (D:5)
  3 centaurs
  A phantom (D:4)
  A kobold brigand (D:9)
  9 bullfrogs
  A scorpion (D:4)
  A gnoll sergeant (D:7)
  10 wights
  7 howler monkeys
  8 jellies
  5 orc priests
  A gnoll bouda (D:7)
  4 hounds
  4 iguanas
  Terence (D:2)
  8 orc wizards
  5 hell rats (Lair:4)
  17 gnolls
  6 adders
  A shadow imp (D:5)
  A white imp (D:7)
  2 worms
  7 dart slugs
  26 orcs
  3 bats (D:1)
  4 endoplasms
  7 giant cockroaches
  6 hobgoblins
  3 jackals (D:2)
  2 quokkas
  4 ball pythons
  3 frilled lizards
  6 goblins
  8 kobolds
  2 rats (D:2)
333 creatures vanquished.

Vanquished Creatures (collateral kills)
  A hydra (Lair:3)
  2 dream sheep (Lair:3)
3 creatures vanquished.

Vanquished Creatures (others)
  9 fungi
  16 plants
25 creatures vanquished.

Grand Total: 361 creatures vanquished

Notes
Turn   | Place    | Note
-------+----------+-------------------------------------------
     0 | D:1      | qw the Minotaur Berserker began the quest for the Orb.
     0 | D:1      | Reached XP level 1. HP: 19/19 MP: 0/0
     0 | D:1      | 0 ||| qw: Version: 0.1-a-103-gd6f5d3a
     0 | D:1      | 0 ||| qw: Game counter: 5703
     0 | D:1      | 0 ||| qw: Always use a shield: true
     0 | D:1      | 0 ||| qw: Do Orc after D:15 true
     0 | D:1      | 0 ||| qw: Do second Lair branch before Depths: true
     0 | D:1      | 0 ||| qw: Lair rune preference: random
     0 | D:1      | 0 ||| qw: Plans: Normal
     0 | D:1      | 0 ||| PLANNING D:1-11
   106 | D:1      | Reached skill level 4 in Axes
   135 | D:1      | 135 ||| Stepping ~*~*~tactically~*~*~ (hiding).
   136 | D:1      | 136 ||| Stepping ~*~*~tactically~*~*~ (hiding).
   137 | D:1      | 137 ||| Stepping ~*~*~tactically~*~*~ (hiding).
   139 | D:1      | 139 ||| Stepping ~*~*~tactically~*~*~ (hiding).
   140 | D:1      | 140 ||| Stepping ~*~*~tactically~*~*~ (hiding).
   142 | D:1      | 142 ||| Stepping ~*~*~tactically~*~*~ (hiding).
   316 | D:1      | Reached XP level 2. HP: 24/26 MP: 1/1
   889 | D:1      | Found a faded altar of an unknown god.
  1101 | D:1      | 1101 ||| UPGRADING to +0 leather armour.
  1111 | D:1      | 1111 ||| DROPPING +0 animal skin.
  1112 | D:1      | 1112 ||| UPGRADING to +0 ring mail.
  1122 | D:1      | 1122 ||| DROPPING +0 leather armour.
  1123 | D:1      | 1123 ||| READING scroll labelled TONIRE ACIMAOM.
  1166 | D:2      | Noticed Terence
  1168 | D:2      | 1168 ||| INVOKING Berserk.
  1175 | D:2      | Killed Terence
  1176 | D:2      | Reached skill level 5 in Axes
  1176 | D:2      | Reached XP level 3. HP: 30/31 MP: 2/2
  1277 | D:2      | 1277 ||| Stepping ~*~*~tactically~*~*~ (stealth).
  1281 | D:2      | 1281 ||| Stepping ~*~*~tactically~*~*~ (stealth).
  1300 | D:2      | 1300 ||| Stepping ~*~*~tactically~*~*~ (stealth).
  1301 | D:2      | 1301 ||| Stepping ~*~*~tactically~*~*~ (stealth).
  1528 | D:2      | 1528 ||| Stepping ~*~*~tactically~*~*~ (stealth).
  1552 | D:2      | Reached XP level 4. HP: 35/39 MP: 3/3
  1658 | D:2      | Reached ** piety under Trog
  1692 | D:2      | 1692 ||| DROPPING +0 club.
  1694 | D:2      | Identified the +6 whip "Meonkuof" {drain, rCorr Int-5
                  | Dex+5}
  1696 | D:2      | 1696 ||| DROPPING +0 mace.
  1711 | D:2      | Reached skill level 6 in Axes
  1969 | D:2      | 1969 ||| UPGRADING to +0 scale mail.
  1979 | D:2      | 1979 ||| DROPPING +0 ring mail.
  1980 | D:2      | 1980 ||| READING scroll labelled WAOPSEPRYMO.
  1981 | D:2      | 1981 ||| READING scroll labelled IZXALL QUKEM.
  1982 | D:2      | 1982 ||| READING scroll labelled ILYTEI BOEZ.
  1983 | D:2      | 1983 ||| READING 3 scrolls of identify.
  1983 | D:2      | 1983 ||| IDENTIFYING golden potion
  1984 | D:2      | 1984 ||| READING 2 scrolls of identify.
  1984 | D:2      | 1984 ||| IDENTIFYING puce potion
  1985 | D:2      | 1985 ||| DROPPING potion of berserk rage.
  2149 | D:3      | Found a transporter.
  2190 | D:3      | Reached skill level 1 in Throwing
  2260 | D:3      | 2260 ||| INVOKING Berserk.
  2473 | D:3      | 2473 ||| Stepping ~*~*~tactically~*~*~ (stealth).
  2501 | D:3      | Found a transporter.
  2579 | D:3      | Reached XP level 5. HP: 44/45 MP: 4/4
  2715 | D:3      | 2715 ||| Stepping ~*~*~tactically~*~*~ (hiding).
  2716 | D:3      | 2716 ||| Stepping ~*~*~tactically~*~*~ (hiding).
  3012 | D:3      | 3012 ||| UPGRADING to +0 chain mail.
  3022 | D:3      | 3022 ||| DROPPING +0 scale mail.
  3023 | D:3      | 3023 ||| UPGRADING to +3 scale mail of cold resistance.
  3033 | D:3      | 3033 ||| READING scroll labelled PIXIT KYNU.
  3034 | D:3      | 3034 ||| READING scroll labelled PIRCHIT KUE.
  3035 | D:3      | 3035 ||| READING 2 scrolls of identify.
  3035 | D:3      | 3035 ||| IDENTIFYING viscous orange potion
  3036 | D:3      | 3036 ||| DROPPING potion of flight.
  3059 | D:4      | 3059 ||| STAIRDANCE
  3064 | D:3      | Reached skill level 7 in Axes
  3171 | D:4      | Found a runed translucent gate.
  3173 | D:4      | Found a runed translucent gate.
  3174 | D:4      | Found a runed translucent gate.
  3174 | D:4      | Noticed qw's ghost (novice GrBe)
  3226 | D:4      | 3226 ||| Stepping ~*~*~tactically~*~*~ (stealth).
  3232 | D:4      | Noticed a phantom
  3241 | D:4      | Killed a phantom
  3242 | D:4      | Reached skill level 8 in Axes
  3242 | D:4      | Reached XP level 6. HP: 42/52 MP: 5/5
  3320 | D:4      | 3320 ||| INVOKING Berserk.
  3474 | D:4      | Found a staircase to the Ecumenical Temple.
  3819 | D:4      | 3819 ||| Stepping ~*~*~tactically~*~*~ (stealth).
  3925 | D:4      | Found a sacrificial altar of Ru.
  4037 | D:4      | 4037 ||| DROPPING orb of energy.
  4038 | D:4      | 4038 ||| DROPPING ring of flight.
  4039 | D:4      | 4039 ||| READING scroll labelled SUMON NUMOJUI.
  4040 | D:4      | 4040 ||| READING scroll labelled LINIERISEN.
  4043 | D:4      | 4043 ||| READING 2 scrolls of identify.
  4043 | D:4      | 4043 ||| IDENTIFYING glowing cyan potion
  4079 | D:5      | Entered Level 5 of the Dungeon
  4132 | D:5      | Noticed Eustachio
  4140 | D:5      | 4140 ||| Stepping ~*~*~tactically~*~*~ (stealth).
  4149 | D:5      | 4149 ||| Stepping ~*~*~tactically~*~*~ (hiding).
  4150 | D:5      | 4150 ||| Stepping ~*~*~tactically~*~*~ (hiding).
  4152 | D:5      | 4152 ||| Stepping ~*~*~tactically~*~*~ (hiding).
  4155 | D:5      | 4155 ||| INVOKING Berserk.
  4159 | D:5      | Killed Eustachio
  4160 | D:5      | Reached skill level 9 in Axes
  4160 | D:5      | Reached XP level 7. HP: 59/59 MP: 6/6
  4351 | D:5      | Found Woppi's Armour Emporium.
  4423 | D:5      | 4423 ||| INVOKING Berserk.
  4571 | D:5      | 4571 ||| INVOKING Berserk.
  4573 | D:5      | Reached skill level 10 in Axes
  4716 | D:5      | 4716 ||| INVOKING Berserk.
  4857 | D:5      | 4857 ||| BUYING +0 pair of boots (63 gold).
  4857 | D:5      | Bought a +0 pair of boots for 63 gold pieces
  4857 | D:5      | 4857 ||| SHOPLISTING +0 plate armour (322 gold, have 173).
  4903 | D:5      | 4903 ||| INVOKING Berserk.
  4905 | D:5      | Reached skill level 6 in Fighting
  5026 | D:5      | 5026 ||| Stepping ~*~*~tactically~*~*~ (hiding).
  5029 | D:5      | 5029 ||| Stepping ~*~*~tactically~*~*~ (hiding).
  5163 | D:5      | Found a shimmering blue altar of Sif Muna.
  5163 | D:5      | Found a faded altar of an unknown god.
  5171 | D:5      | Found a faded altar of an unknown god.
  5173 | D:5      | Found an iron altar of Okawaru.
  5175 | D:5      | Found a hide-covered altar of Uskayaw.
  5316 | D:5      | 5316 ||| UPGRADING to +0 pair of boots.
  5321 | D:5      | 5321 ||| UPGRADING to ring of willpower.
  5322 | D:5      | 5322 ||| READING scroll labelled CIUNUCAHIMN.
  5323 | D:5      | 5323 ||| READING 3 scrolls labelled GEUNOCK WIAZY.
  5324 | D:5      | 5324 ||| READING scroll labelled EVAME EBUPAZO.
  5324 | D:5      | Identified a scroll of acquirement
  5324 | D:5      | 5324 ||| ACQUIRING +1 cloak "Xiur" {Fly Str+2}
  5324 | D:5      | Acquired the +1 cloak "Xiur" {Fly Str+2}
  5326 | D:5      | 5326 ||| UPGRADING to +1 cloak "Xiur" {Fly Str+2}.
  5331 | D:5      | 5331 ||| READING scroll labelled VITIAT ZOSA.
  5332 | D:5      | 5332 ||| Stepping ~*~*~tactically~*~*~ (cloud).
  5333 | D:5      | 5333 ||| READING scroll labelled DEIQUU BYOTE.
  5334 | D:5      | 5334 ||| READING 3 scrolls of identify.
  5334 | D:5      | 5334 ||| IDENTIFYING emerald potion
  5335 | D:5      | 5335 ||| READING 2 scrolls of identify.
  5335 | D:5      | 5335 ||| IDENTIFYING metallic red potion
  5336 | D:5      | 5336 ||| DROPPING 2 scrolls of immolation.
  5406 | D:6      | 5406 ||| Stepping ~*~*~tactically~*~*~ (hiding).
  5412 | D:6      | 5412 ||| FLEEEEING.
  5413 | D:6      | 5413 ||| FLEEEEING.
  5418 | D:6      | 5418 ||| INVOKING Berserk.
  5420 | D:6      | Reached skill level 3 in Armour
  5420 | D:6      | Reached XP level 8. HP: 70/70 MP: 7/7
  5724 | D:6      | 5724 ||| INVOKING Berserk.
  5728 | D:6      | Reached skill level 11 in Axes
  5747 | D:6      | 5747 ||| Stepping ~*~*~tactically~*~*~ (cloud).
  5837 | D:6      | Reached skill level 12 in Axes
  5837 | D:6      | 5837 ||| FLEEEEING.
  5838 | D:6      | 5838 ||| FLEEEEING.
  5839 | D:6      | 5839 ||| FLEEEEING.
  5840 | D:6      | 5840 ||| FLEEEEING.
  5841 | D:6      | 5841 ||| FLEEEEING.
  5842 | D:6      | 5842 ||| FLEEEEING.
  5843 | D:6      | 5843 ||| FLEEEEING.
  5844 | D:6      | 5844 ||| FLEEEEING.
  5845 | D:6      | 5845 ||| FLEEEEING.
  5846 | D:6      | 5846 ||| FLEEEEING.
  5847 | D:6      | 5847 ||| FLEEEEING.
  5848 | D:6      | 5848 ||| FLEEEEING.
  5849 | D:6      | 5849 ||| FLEEEEING.
  5850 | D:6      | 5850 ||| FLEEEEING.
  5851 | D:6      | 5851 ||| FLEEEEING.
  5852 | D:6      | 5852 ||| FLEEEEING.
  5853 | D:6      | 5853 ||| FLEEEEING.
  5854 | D:6      | 5854 ||| FLEEEEING.
  5855 | D:6      | 5855 ||| FLEEEEING.
  5856 | D:6      | 5856 ||| FLEEEEING.
  5857 | D:6      | 5857 ||| FLEEEEING.
  5858 | D:6      | 5858 ||| FLEEEEING.
  5859 | D:6      | 5859 ||| FLEEEEING.
  5860 | D:6      | 5860 ||| FLEEEEING.
  5861 | D:6      | 5861 ||| FLEEEEING.
  5862 | D:6      | 5862 ||| FLEEEEING.
  5863 | D:6      | 5863 ||| FLEEEEING.
  5864 | D:6      | 5864 ||| FLEEEEING.
  5865 | D:6      | 5865 ||| FLEEEEING.
  5866 | D:6      | 5866 ||| FLEEEEING.
  5867 | D:6      | 5867 ||| FLEEEEING.
  5868 | D:6      | 5868 ||| FLEEEEING.
  5869 | D:6      | 5869 ||| FLEEEEING.
  5870 | D:6      | 5870 ||| FLEEEEING.
  5871 | D:6      | 5871 ||| FLEEEEING.
  5872 | D:6      | 5872 ||| FLEEEEING.
  5873 | D:6      | 5873 ||| FLEEEEING.
  5874 | D:6      | 5874 ||| FLEEEEING.
  5875 | D:6      | 5875 ||| FLEEEEING.
  5876 | D:6      | 5876 ||| FLEEEEING.
  5877 | D:6      | 5877 ||| FLEEEEING.
  5878 | D:6      | 5878 ||| FLEEEEING.
  5879 | D:6      | 5879 ||| FLEEEEING.
  5880 | D:6      | 5880 ||| FLEEEEING.
  5881 | D:6      | 5881 ||| FLEEEEING.
  5883 | D:6      | 5883 ||| FLEEEEING.
  5884 | D:6      | 5884 ||| FLEEEEING.
  5885 | D:6      | 5885 ||| FLEEEEING.
  5886 | D:6      | 5886 ||| FLEEEEING.
  5888 | D:6      | 5888 ||| FLEEEEING.
  5890 | D:6      | 5890 ||| FLEEEEING.
  5891 | D:6      | 5891 ||| FLEEEEING.
  5893 | D:6      | 5893 ||| FLEEEEING.
  5898 | D:6      | Reached *** piety under Trog
  5899 | D:6      | 5899 ||| FLEEEEING.
  5900 | D:6      | 5900 ||| FLEEEEING.
  5901 | D:6      | 5901 ||| FLEEEEING.
  5902 | D:6      | 5902 ||| FLEEEEING.
  5903 | D:6      | 5903 ||| FLEEEEING.
  5904 | D:6      | 5904 ||| FLEEEEING.
  5905 | D:6      | 5905 ||| FLEEEEING.
  5906 | D:6      | 5906 ||| STAIRDANCE
  5962 | D:5      | 5962 ||| DROPPING +0 chain mail.
  5963 | D:5      | 5963 ||| UPGRADING to +0 plate armour.
  5973 | D:5      | 5973 ||| DROPPING +3 scale mail of cold resistance.
  6211 | D:6      | Reached XP level 9. HP: 63/78 MP: 8/8
  6359 | D:6      | 6359 ||| READING scroll of enchant weapon.
  6359 | D:6      | 6359 ||| ENCHANTING +1 hand axe of freezing.
  6368 | D:6      | 6368 ||| Stepping ~*~*~tactically~*~*~ (hiding).
  6420 | D:6      | 6420 ||| READING scroll of enchant weapon.
  6420 | D:6      | 6420 ||| ENCHANTING +2 hand axe of freezing.
  6701 | D:7      | Noticed Joseph
  6702 | D:7      | 6702 ||| Stepping ~*~*~tactically~*~*~ (hiding).
  6724 | D:7      | Killed Joseph
  6725 | D:7      | Reached skill level 6 in Armour
  6838 | D:7      | Found a burning altar of Makhleb.
  6902 | D:7      | 6902 ||| Stepping ~*~*~tactically~*~*~ (hiding).
  7091 | D:7      | Noticed a boulder beetle
  7093 | D:7      | 7093 ||| INVOKING Berserk.
  7096 | D:7      | Killed a boulder beetle
  7097 | D:7      | Reached skill level 13 in Axes
  7220 | D:7      | Noticed a troll
  7222 | D:7      | 7222 ||| INVOKING Berserk.
  7225 | D:7      | Killed a troll
  7226 | D:7      | Reached skill level 3 in Throwing
  7243 | D:7      | Noticed a green ugly thing
  7257 | D:7      | Killed a green ugly thing
  7258 | D:7      | Reached XP level 10. HP: 46/90 MP: 9/9
  7687 | D:7      | 7687 ||| Stepping ~*~*~tactically~*~*~ (hiding).
  7688 | D:7      | 7688 ||| Stepping ~*~*~tactically~*~*~ (hiding).
  7689 | D:7      | 7689 ||| Stepping ~*~*~tactically~*~*~ (hiding).
  7693 | D:7      | 7693 ||| Stepping ~*~*~tactically~*~*~ (hiding).
  7701 | D:7      | 7701 ||| INVOKING Berserk.
  7833 | D:7      | Noticed Maggie
  7834 | D:7      | 7834 ||| Stepping ~*~*~tactically~*~*~ (hiding).
  7859 | D:7      | Killed Maggie
  7859 | D:7      | Reached **** piety under Trog
  7860 | D:7      | Reached skill level 14 in Axes
  7949 | D:7      | 7949 ||| DROPPING +6 whip "Meonkuof" {drain, rCorr Int-5
                  | Dex+5}.
  8018 | D:7      | Found a sparkling altar of Nemelex Xobeh.
  8021 | D:7      | Found a shimmering altar of Xom.
  8022 | D:7      | Found an ancient bone altar of Kikubaaqudgha.
  8024 | D:7      | Found a shadowy altar of Dithmenos.
  8130 | D:7      | 8130 ||| UPGRADING to +0 buckler.
  8135 | D:7      | 8135 ||| UPGRADING to amulet of the acrobat.
  8140 | D:7      | 8140 ||| READING scroll labelled ADUSUDGHOIL.
  8141 | D:7      | 8141 ||| DRINKING 3 black potions.
  8142 | D:7      | 8142 ||| DRINKING 2 bubbling inky potions.
  8168 | D:7      | 8168 ||| DROPPING potion of lignification.
  8184 | D:8      | 8184 ||| READING scroll of enchant weapon.
  8184 | D:8      | 8184 ||| ENCHANTING +3 hand axe of freezing.
  8213 | D:8      | Found Cheibriados's Comfort Zone.
  8213 | D:8      | Found a snail-covered altar of Cheibriados.
  8394 | D:8      | 8394 ||| Stepping ~*~*~tactically~*~*~ (stealth).
  8395 | D:8      | 8395 ||| SWAPPING to +0 war axe.
  8398 | D:8      | Reached skill level 1 in Shields
  8407 | D:8      | 8407 ||| INVOKING Berserk.
  8522 | D:8      | 8522 ||| DROPPING +4 hand axe of freezing.
  8647 | D:8      | Reached skill level 3 in Shields
  8655 | D:8      | 8655 ||| Stepping ~*~*~tactically~*~*~ (stealth).
  8737 | D:8      | Noticed a two-headed ogre
  8741 | D:8      | 8741 ||| INVOKING Berserk.
  8745 | D:8      | Killed a two-headed ogre
  9124 | D:8      | Found an ornate altar of the Wu Jian Council.
  9370 | D:8      | 9370 ||| INVOKING Berserk.
  9519 | D:8      | 9519 ||| Stepping ~*~*~tactically~*~*~ (stealth).
  9527 | D:8      | 9527 ||| Stepping ~*~*~tactically~*~*~ (stealth).
  9531 | D:8      | 9531 ||| Stepping ~*~*~tactically~*~*~ (stealth).
  9535 | D:8      | 9535 ||| FLEEEEING.
  9568 | D:8      | 9568 ||| FLEEEEING.
  9569 | D:8      | 9569 ||| FLEEEEING.
  9570 | D:8      | 9570 ||| FLEEEEING.
  9571 | D:8      | 9571 ||| FLEEEEING.
  9572 | D:8      | 9572 ||| FLEEEEING.
  9573 | D:8      | 9573 ||| FLEEEEING.
  9574 | D:8      | 9574 ||| FLEEEEING.
  9576 | D:8      | 9576 ||| STAIRDANCE
  9622 | D:7      | 9622 ||| UPGRADING to +2 chain mail of poison resistance.
  9632 | D:7      | 9632 ||| READING scroll labelled EXOORGHISKO.
  9898 | D:9      | 9898 ||| INVOKING Berserk.
  9902 | D:9      | Reached skill level 3 in Dodging
  9915 | D:9      | 9915 ||| STAIRDANCE
 10180 | D:9      | Reached skill level 15 in Axes
 10324 | D:9      | Found a staircase to the Lair.
 10359 | D:9      | Reached skill level 9 in Fighting
 10459 | D:9      | Noticed a two-headed ogre
 10462 | D:9      | 10462 ||| INVOKING Berserk.
 10466 | D:9      | Killed a two-headed ogre
 10467 | D:9      | Reached XP level 11. HP: 97/97 MP: 10/10
 10708 | D:9      | Found Susaz's Book Shoppe.
 10736 | D:9      | 10736 ||| PLANNING LAIR
 10736 | D:9      | 10736 ||| DROPPING amulet of faith.
 10737 | D:9      | 10737 ||| DRINKING 2 fuming black potions.
 10738 | D:9      | 10738 ||| READING 2 scrolls of identify.
 10738 | D:9      | 10738 ||| IDENTIFYING blue potion
 10739 | D:9      | 10739 ||| DROPPING potion of degeneration.
 10740 | D:9      | 10740 ||| DROPPING potion of magic.
 10778 | Lair:1   | Entered Level 1 of the Lair of Beasts
 10779 | Lair:1   | 10779 ||| INVOKING Berserk.
 10784 | Lair:1   | Reached skill level 16 in Axes
 10786 | Lair:1   | Reached skill level 6 in Shields
 10817 | Lair:1   | HP: 24/99 [yak (3)]
 10818 | Lair:1   | 10818 ||| READING scroll of teleportation.
 10819 | Lair:1   | 10819 ||| DRINKING 3 potions of heal wounds.
 10825 | Lair:1   | HP: 20/99 [blink frog (14)]
 10826 | Lair:1   | 10826 ||| DRINKING 2 potions of heal wounds.
 10830 | Lair:1   | HP: 23/99 [basilisk (12)]
 10831 | Lair:1   | 10831 ||| DRINKING potion of heal wounds.
 10840 | Lair:1   | HP: 21/100 [blink frog (7)]
 10844 | Lair:1   | 10844 ||| INVOKING Berserk.
 10849 | Lair:1   | HP: 19/150 [blink frog (13)]
 11201 | Lair:1   | 11201 ||| INVOKING Berserk.
 11309 | Lair:1   | Identified the amulet "Zenirhut" {Acrobat rF+}
 11375 | Lair:1   | 11375 ||| Stepping ~*~*~tactically~*~*~ (stealth).
 11400 | Lair:1   | 11400 ||| INVOKING Berserk.
 11585 | Lair:1   | You are sucked into a shaft and drop 1 floor!
 11697 | Lair:2   | 11697 ||| Stepping ~*~*~tactically~*~*~ (hiding).
 11843 | Lair:2   | 11843 ||| Stepping ~*~*~tactically~*~*~ (stealth).
 11862 | Lair:2   | Reached skill level 9 in Armour
 11962 | Lair:2   | 11962 ||| UPGRADING to amulet "Zenirhut" {Acrobat rF+}.
 11972 | Lair:2   | 11972 ||| DROPPING amulet of the acrobat.
 12576 | Lair:1   | 12576 ||| UPGRADING to +4 ring of evasion.
 12577 | Lair:1   | 12577 ||| READING scroll labelled VENGOM IDDIDAO.
 12715 | Lair:2   | 12715 ||| INVOKING Berserk.
 13057 | Lair:2   | Found a glowing silver altar of Zin.
 13126 | Lair:2   | 13126 ||| Stepping ~*~*~tactically~*~*~ (stealth).
 13128 | Lair:2   | 13128 ||| INVOKING Berserk.
 13137 | Lair:2   | Reached XP level 12. HP: 111/111 MP: 11/11
 13618 | Lair:2   | 13618 ||| READING scroll labelled WETACZ PUASATY.
 13663 | Lair:3   | Noticed a boulder beetle
 13668 | Lair:3   | 13668 ||| INVOKING Berserk.
 13682 | Lair:3   | Killed a boulder beetle
 13718 | Lair:3   | 13718 ||| Stepping ~*~*~tactically~*~*~ (stealth).
 13904 | Lair:3   | 13904 ||| Stepping ~*~*~tactically~*~*~ (stealth).
 13936 | Lair:3   | 13936 ||| Stepping ~*~*~tactically~*~*~ (stealth).
 13937 | Lair:3   | 13937 ||| INVOKING Berserk.
 13943 | Lair:3   | Reached skill level 12 in Fighting
 14071 | Lair:3   | 14071 ||| INVOKING Berserk.
 14223 | Lair:3   | 14223 ||| Stepping ~*~*~tactically~*~*~ (stealth).
 14576 | Lair:3   | Found a staircase to the Snake Pit.
 14583 | Lair:3   | 14583 ||| INVOKING Berserk.
 14596 | Lair:3   | 14596 ||| FLEEEEING.
 14597 | Lair:3   | 14597 ||| FLEEEEING.
 14598 | Lair:3   | 14598 ||| FLEEEEING.
 14599 | Lair:3   | 14599 ||| FLEEEEING.
 14601 | Lair:3   | 14601 ||| STAIRDANCE
 14690 | Lair:3   | Noticed Urug
 14694 | Lair:3   | 14694 ||| INVOKING Berserk.
 14698 | Lair:3   | Killed Urug
 14874 | Lair:3   | 14874 ||| Stepping ~*~*~tactically~*~*~ (stealth).
 14875 | Lair:3   | 14875 ||| Stepping ~*~*~tactically~*~*~ (stealth).
 14898 | Lair:3   | 14898 ||| Stepping ~*~*~tactically~*~*~ (stealth).
 14899 | Lair:3   | 14899 ||| Stepping ~*~*~tactically~*~*~ (stealth).
 14941 | Lair:3   | Found a staircase to the Swamp.
 15408 | Lair:3   | Reached skill level 6 in Throwing
 15428 | Lair:3   | 15428 ||| Stepping ~*~*~tactically~*~*~ (stealth).
 15428 | Lair:3   | Noticed a six-headed hydra
 15429 | Lair:3   | 15429 ||| INVOKING Brothers in Arms.
 15430 | Lair:3   | 15430 ||| INVOKING Brothers in Arms.
 15430 | Lair:3   | Noticed an eight-headed hydra
 15432 | Lair:3   | 15432 ||| SWAPPING to +0 morningstar.
 15433 | Lair:3   | 15433 ||| INVOKING Berserk.
 15439 | Lair:3   | Killed a six-headed hydra
 15446 | Lair:3   | Killed an eight-headed hydra
 15496 | Lair:3   | 15496 ||| SWAPPING to +0 war axe.
 15616 | Lair:3   | Noticed a four-headed hydra
 15617 | Lair:3   | 15617 ||| INVOKING Brothers in Arms.
 15618 | Lair:3   | 15618 ||| INVOKING Brothers in Arms.
 15619 | Lair:3   | 15619 ||| SWAPPING to +0 morningstar.
 15620 | Lair:3   | 15620 ||| INVOKING Berserk.
 15622 | Lair:3   | Killed a four-headed hydra
 15623 | Lair:3   | Reached skill level 6 in Dodging
 15681 | Lair:3   | 15681 ||| SWAPPING to +0 war axe.
 15779 | Lair:3   | 15779 ||| READING 2 scrolls of teleportation.
 15841 | Lair:4   | 15841 ||| STAIRDANCE
 15895 | Lair:4   | 15895 ||| Stepping ~*~*~tactically~*~*~ (hiding).
 16155 | Lair:4   | 16155 ||| READING scroll of enchant weapon.
 16155 | Lair:4   | 16155 ||| ENCHANTING +0 war axe.
 16242 | Lair:4   | Reached skill level 9 in Shields
 16416 | Lair:4   | Noticed a five-headed hydra
 16417 | Lair:4   | 16417 ||| INVOKING Brothers in Arms.
 16418 | Lair:4   | 16418 ||| INVOKING Brothers in Arms.
 16419 | Lair:4   | 16419 ||| INVOKING Brothers in Arms.
 16420 | Lair:4   | 16420 ||| INVOKING Brothers in Arms.
 16421 | Lair:4   | 16421 ||| SWAPPING to +0 morningstar.
 16422 | Lair:4   | 16422 ||| INVOKING Berserk.
 16424 | Lair:4   | Killed a five-headed hydra
 16425 | Lair:4   | Reached XP level 13. HP: 122/122 MP: 12/12
 16450 | Lair:4   | 16450 ||| SWAPPING to +1 war axe.
 16725 | Lair:4   | 16725 ||| INVOKING Berserk.
 16959 | Lair:4   | 16959 ||| DRINKING 2 amethyst potions.
 16960 | Lair:4   | 16960 ||| DROPPING potion of attraction.
 17002 | Lair:5   | Entered Level 5 of the Lair of Beasts
 17016 | Lair:5   | 17016 ||| Stepping ~*~*~tactically~*~*~ (hiding).
 17017 | Lair:5   | 17017 ||| Stepping ~*~*~tactically~*~*~ (hiding).
 17044 | Lair:5   | Found a viscous altar of Jiyva.
 17044 | Lair:5   | Found a staircase to the Slime Pits.
 17047 | Lair:5   | 17047 ||| SWAPPING to +0 morningstar.
 17049 | Lair:5   | 17049 ||| INVOKING Berserk.
 17055 | Lair:5   | 17055 ||| SWAPPING to +1 war axe.
 17136 | Lair:5   | 17136 ||| Stepping ~*~*~tactically~*~*~ (stealth).
 17247 | Lair:5   | 17247 ||| FLEEEEING.
 17248 | Lair:5   | 17248 ||| FLEEEEING.
 17251 | Lair:5   | 17251 ||| STAIRDANCE
 17367 | Lair:4   | 17367 ||| READING 6 scrolls of identify.
 17367 | Lair:4   | 17367 ||| IDENTIFYING purple potion
 17368 | Lair:4   | 17368 ||| DROPPING potion of brilliance.
 17408 | Lair:5   | 17408 ||| Stepping ~*~*~tactically~*~*~ (stealth).
 17457 | Lair:5   | 17457 ||| Stepping ~*~*~tactically~*~*~ (stealth).
 17459 | Lair:5   | 17459 ||| Stepping ~*~*~tactically~*~*~ (stealth).
 17561 | Lair:5   | 17561 ||| INVOKING Berserk.
 17584 | Lair:5   | HP: 28/125 [death yak (17)]
 17585 | Lair:5   | 17585 ||| READING 2 scrolls of teleportation.
 17585 | Lair:5   | Slain by a death yak

Levels and vault maps discovered:
D:1:      dpeg_arrival_signposts, layout_loops_corners,
          shapermc_ecumenical_altar_acropolis, minmay_splitting_lines
D:2:      layout_loops_ring, corexii_corridor_pit, uniq_terence
D:3:      gammafunk_steamed_eel, layout_loops_corners
D:4:      layout_basic, nicolae_ru_awakened_eye, minmay_temple_entry_junction_2,
          gammafunk_ghost_nasty_kobolds, serial_park_tiny_pond
D:5:      lemuel_ice_spiral_2, layout_basic,
          chequers_temple_overflow_minitemple, serial_shops,
          nicolae_lakefront_shop, minmay_pentangle, uniq_eustachio
D:6:      layout_basic, hangedman_decor_push
D:7:      layout_basic, minitemple, kb_rosetta, uniq_maggie, uniq_joseph
D:8:      layout_basic, lemuel_crystal_altar, minmay_shop_chei
D:9:      layout_roguey, lair_entry_dummy, serial_shops, kennysheep_mini,
          chequers_serial_rivers_micro_d
Lair:1:   layout_roguey, nicolae_quartered_pool_medium,
          grunt_forest_small_clearings, chequers_serial_rivers_room_b,
          infiniplex_staircase_pool_2, grunt_megastairs_5
Lair:2:   layout_long_grid, portal_ice_cave_entry_pillars_1,
          nicolae_volcano_entry_two_sided, basic_altar, serial_bayou_shore_b
Lair:3:   nzn_winding_woodlands_medium [nzn_winding_woodlands_5x5_perimeter,
          nzn_winding_woodlands_5x15_cabin, nzn_winding_woodlands_5x5_default,
          nzn_winding_woodlands_5x5_open_star,
          nzn_winding_woodlands_center_triple_pond,
          nzn_winding_woodlands_hourglass,
          nzn_winding_woodlands_5x5_checkerboard,
          nzn_winding_woodlands_5x15_longhouse,
          nzn_winding_woodlands_5x5_default], layout_layer_cave,
          minmay_swamp_entry_swarm, dummy_snake_entry, uniq_urug
Lair:4:   layout_hall_layers
Lair:5:   grunt_lair_end_beastmaster, layout_cave_pods,
          minmay_slime_entry_pillars

Skill      XL: |  1  2  3  4  5  6  7  8  9 10 11 12 13 |
---------------+----------------------------------------+-----
Axes           | 4 5 6 8 9 10 12 13 15 16 | 16.0
Throwing       | 1 2 3 5 7 8 |  8.0
Fighting       | 4 6 8 9 11 13 14 | 14.7
Armour         | 3 5 6 7 9 10 11 | 11.2
Shields        | 5 7 9 |  9.0
Dodging        | 3 4 6 |  6.3

Action                   |  1- 3 |  4- 6 |  7- 9 | 10-12 | 13-15 || total
-------------------------+-------+-------+-------+-------+-------++-------
Melee: Hand axe          |    51 |    96 |   166 |    42 |       ||   355
       Headbutt          |     8 |    12 |    24 |   106 |    19 ||   169
       Punch             |     2 |     1 |       |       |       ||     3
       War axe           |       |       |       |   457 |    63 ||   520
       Morningstar       |       |       |       |    22 |     8 ||    30
Throw: Javelin           |     1 |    49 |    26 |    90 |    26 ||   192
Invok: Berserk           |     1 |     3 |     8 |    20 |     3 ||    35
       Brothers in Arms  |       |       |       |     3 |       ||     3
  Use: Scroll            |     1 |    11 |     9 |     9 |     2 ||    32
       Potion            |       |       |       |     6 |     1 ||     7
 Stab: Distracted        |       |       |       |     1 |       ||     1
Armor: Animal skin       |     4 |       |       |       |       ||     4
       Ring mail         |     3 |     3 |       |       |       ||     6
       Scale mail        |       |    27 |    30 |       |       ||    57
       Plate armour      |       |       |    33 |    41 |       ||    74
       Chain mail        |       |       |       |   178 |     6 ||   184
Dodge: Dodged            |    27 |    35 |    60 |   206 |    25 ||   353
Block: Buckler           |       |       |       |    94 |    12 ||   106

Table legend:
 A = Non-vault XP
 B = Vault XP
 C = Vault XP percentage of total XP
 D = Non-vault monster count
 E = Vault monster count
 F = Vault count percentage of total count
                 A         B        C        D         E       F
            +---------+---------+-------+---------+---------+-------
      Total |   38575 |   11348 |  22.7 |     295 |      41 |  12.2
            +---------+---------+-------+---------+---------+-------
        D:1 |      24 |       0 |   0.0 |      13 |       0 |   0.0
        D:2 |      51 |      36 |  41.4 |      20 |       1 |   4.8
        D:3 |     142 |       0 |   0.0 |      19 |       0 |   0.0
        D:4 |     393 |       0 |   0.0 |      22 |       0 |   0.0
        D:5 |     315 |     388 |  55.2 |      10 |       7 |  41.2
        D:6 |    1785 |       0 |   0.0 |      23 |       0 |   0.0
        D:7 |     988 |    2799 |  73.9 |      25 |       6 |  19.4
        D:8 |    2531 |       0 |   0.0 |      29 |       0 |   0.0
        D:9 |    2740 |       0 |   0.0 |      18 |       0 |   0.0
     Lair:1 |    4209 |    2004 |  32.3 |      21 |       8 |  27.6
     Lair:2 |    3766 |       0 |   0.0 |      20 |       0 |   0.0
     Lair:3 |    7294 |    5953 |  44.9 |      30 |      15 |  33.3
     Lair:4 |    4256 |       0 |   0.0 |      19 |       0 |   0.0
     Lair:5 |   10081 |     168 |   1.6 |      26 |       4 |  13.3
            +---------+---------+-------+---------+---------+-------
